 Dungeon Crawl Stone Soup version 0.30-a0-1164-ge08a67761e (webtiles) character file.

Game seed: 8127919669001424424

8 Sobieck the Stinger (level 2, 0/15 HPs)
             Began as a Deep Elf Venom Mage on Apr 29, 2023.
             Slain by a jackal (2 damage)
             ... on level 1 of the Dungeon.
             The game lasted 00:01:22 (235 turns).

Sobieck the Stinger (Deep Elf Venom Mage)            Turns: 235, Time: 00:01:23

Health: 0/15       AC:  2    Str:  5    XL:     2   Next: 0%
Magic:  0/8        EV: 12    Int: 19    God:
Gold:   3          SH:  0    Dex: 15    Spells: 7/8 levels left

rFire   . . .        j - +0 short sword {short}
rCold   . . .        (no shield)
rNeg    . . .        a - +0 robe
rPois   .            (no helmet)
rElec   .            (no cloak)
rCorr   .            (no gloves)
SInv    .            (no boots)
Will    .....        (no amulet)
Stlth   ++           (no ring)
HPRegen 0.22/turn    (no ring)
MPRegen 0.11/turn

%: no passive effects
@: no status effects
A: no striking features
a: no special abilities


You were on level 1 of the Dungeon.
You visited 1 branch of the dungeon, and saw 1 of its levels.

You collected 3 gold pieces.


   Skills:
 - Level 2.4 Dodging
 - Level 2.4 Stealth
 + Level 3.5 Spellcasting
 - Level 1.1 Transmutations
 + Level 3.6 Poison Magic


You had 7 spell levels left.
You knew the following spells:

 Your Spells              Type           Power      Damage    Failure   Level
a - Sting                 Tmut/Pois      48%        1d5       5%          1

Your spell library contained the following spells:

 Spells                   Type           Power      Damage    Failure   Level
 Beastly Appendage        Tmut           14%        N/A       10%         1
 Poisonous Vapours        Pois/Air       20%        N/A       11%         2
 Mephitic Cloud           Conj/Pois/Air  7%         N/A       26%         3
 Olgreb's Toxic Radiance  Pois           17%        N/A       32%         4
 Yara's Violent Unravell  Hex/Tmut       2%         3d3       97%         5
 Silence                  Hex/Air        1%         N/A       99%         5
 Eringya's Noxious Bog    Tmut/Pois      6%         N/A       100%        6

Inventory:

Hand Weapons
 h - a +0 club {mace}
   (You took it off a kobold on level 1 of the Dungeon)
 i - a +0 club {mace}
   (You found it on level 1 of the Dungeon)
 j - a +0 short sword (weapon) {short}
   (You found it on level 1 of the Dungeon)
Missiles
 d - 6 atropa-tipped darts {throwing}
 g - 8 stones {throwing}
Armour
 a - a +0 robe (worn)
Scrolls
 c - a scroll of teleportation {unknown}
 e - a scroll of identify {unknown}
Potions
 b - a potion of magic
 f - a potion of curing {unknown}

Dungeon Overview and Level Annotations

Branches:
Dungeon (1/15) Zot: 5763

Altars:

.......†................##
...................#......#
#..######..........#......#
.####..###
#..........########
.........# #.........##
#........# #.........#
#........# #.........#
#......h### ######.####
#.....h.'.###..h@..#
#.......#.....######
#########...>## #.#### #.#
#.# ..# ###


You could see a jackal.


Message History

The endoplasm attacks as you move away! The endoplasm completely misses you.
The endoplasm attacks as you move away! The endoplasm misses you.
You kill the endoplasm!
g - 8 stones {throwing} Unknown command.
h - a +0 club {mace} You see here a kobold corpse.
i - a +0 club {mace}
Found a stone staircase leading down.
Unknown command.
j - a +0 short sword {short}
j - a +0 short sword (weapon)
{short} You pick up the Codex of Changing Conduction and begin reading...
You add the spells Beastly Appendage, Yara's Violent Unravelling, Silence and Eringya's Noxious Bog to your library.
Okay, then.
Unknown command.
Unknown command.
You open the door.
A hobgoblin comes into view.
Danger!
There is an open door here.
The sting hits the hobgoblin.
The hobgoblin is poisoned.
The hobgoblin shouts!
You hear a bark!
A bat comes into view.
The hobgoblin completely misses you.
The bat moves out of view.
The sting hits the hobgoblin.
The hobgoblin looks even sicker.
You kill the hobgoblin!
A jackal comes into view.
Unknown command.
Unknown command.
Okay, then.
Unknown command.
Unknown command.
Unknown command.
There is an open door here.
A jackal comes into view. x2
The jackal attacks as you move away! The jackal bites you.
The jackal closely misses you.
A jackal comes into view.
There is an open door here.
The jackal barks! x3
The jackal attacks as you move away! The jackal bites you.
The jackal misses you. The jackal bites you. The jackal bites you.
The jackal attacks as you move away! The jackal closely misses you.
Unknown command.
Casting: Sting (safe; 6% risk of failure)
Confirm with . or Enter, or press ? or * to list all spells.
Aiming: Sting (safe; 6% risk of failure)
Press: ? - help, Shift-Dir - straight line, f - jackal
Aim: a jackal (64% to hit)
The sting hits the jackal.
The jackal is poisoned.
You kill the jackal!
Casting: Sting (safe; 5% risk of failure)
Confirm with . or Enter, or press ? or * to list all spells.
Aiming: Sting (safe; 5% risk of failure)
Press: ? - help, Shift-Dir - straight line, f - jackal
Aim: a jackal (64% to hit)
The sting hits the jackal.
The jackal is poisoned.
The jackal bites you.
* * * LOW HITPOINT WARNING * * *
Casting: Sting (safe; 5% risk of failure)
Confirm with . or Enter, or press ? or * to list all spells.
Aiming: Sting (safe; 5% risk of failure)
Press: ? - help, Shift-Dir - straight line, f/p - jackal
Aim: a jackal (almost dead, poisoned, 64% to hit)
The sting misses the jackal.
The jackal bites you.
* * * LOW HITPOINT WARNING * * *
Casting: Sting (safe; 5% risk of failure)
Confirm with . or Enter, or press ? or * to list all spells.
Aiming: Sting (safe; 5% risk of failure)
Press: ? - help, Shift-Dir - straight line, f/p - jackal
Aim: a jackal (almost dead, poisoned, 64% to hit)
The sting hits the jackal but does no damage.
The jackal looks even sicker.
The jackal closely misses you.
Casting: Sting (safe; 5% risk of failure)
Confirm with . or Enter, or press ? or * to list all spells.
Aiming: Sting (safe; 5% risk of failure)
Press: ? - help, Shift-Dir - straight line, f/p - jackal
Aim: a jackal (almost dead, very poisoned, 64% to hit)
The sting hits the jackal but does no damage.
The jackal looks even sicker.
You kill the jackal!
The jackal closely misses you.
You have reached level 2!
Casting: Sting (safe; 5% risk of failure)
Confirm with . or Enter, or press ? or * to list all spells.
Aiming: Sting (safe; 5% risk of failure)
Press: ? - help, Shift-Dir - straight line, f - jackal
Aim: a jackal (64% to hit)
The sting misses the jackal.
The jackal bites you.
* * * LOW HITPOINT WARNING * * *
Casting: Sting (safe; 5% risk of failure)
Confirm with . or Enter, or press ? or * to list all spells.
You don't have enough magic to cast this spell.
Unknown command.
You hit the jackal but do no damage. The jackal bites you.
* * * LOW HITPOINT WARNING * * *
The jackal bites you.
You die...

Action                     || total
---------------------------++-------
  Melee: Short sword       ||     1
   Cast: Sting             ||    15
  Dodge: Dodged            ||     9

Levels and vault maps discovered:
D:1:      co_arrival_hexagon_in_a_hexagon, layout_basic, minmay_misc_feat_roman

Notes
Turn   | Place    | Note
-------+----------+-------------------------------------------
     0 | D:1      | Sobieck the Deep Elf Venom Mage began the quest for the
                  | Orb.
     0 | D:1      | Reached XP level 1. HP: 10/10 MP: 6/6
   207 | D:1      | You add the spells Beastly Appendage, Yara's Violent
                  | Unravelling, Silence and Eringya's Noxious Bog to your
                  | library.
   207 | D:1      | Got the Codex of Changing Conduction
   234 | D:1      | Reached XP level 2. HP: 6/15 MP: 1/8
   235 | D:1      | HP: 2/15 [jackal (2)]
   235 | D:1      | Slain by a jackal

Vanquished Creatures
  An endoplasm (D:1)
  A giant cockroach (D:1)
  A hobgoblin (D:1)
  2 jackals (D:1)
  A bat (D:1)
  A kobold (D:1)
7 creatures vanquished.

Table legend:
 A = Non-vault XP
 B = Vault XP
 C = Vault XP percentage of total XP
 D = Non-vault monster count
 E = Vault monster count
 F = Vault count percentage of total count
                 A         B        C        D         E       F
            +---------+---------+-------+---------+---------+-------
      Total |      12 |       0 |   0.0 |       7 |       0 |   0.0
            +---------+---------+-------+---------+---------+-------
        D:1 |      12 |       0 |   0.0 |       7 |       0 |   0.0
            +---------+---------+-------+---------+---------+-------

Action                     || total
---------------------------++-------
  Melee: Short sword       ||     1
   Cast: Sting             ||    15
  Dodge: Dodged            ||     9

Illustrated notes

Table legend:
 A = Kills in this place as a percentage of kills in the entire game.
 B = Kills by you in this place as a percentage of kills by you in the entire game.
 C = Kills by friends in this place as a percentage of kills by friends in the entire game.
 D = Other kills in this place as a percentage of other kills in the entire game.
 E = Experience gained in this place as a percentage of experience gained in the entire game.
 F = Experience gained in this place divided by the number of levels of this place that you have seen.
                   A       B       C       D       E      F
               +-------+-------+-------+-------+-------+----------------------
         Total | 100.0 | 100.0 |   N/A |   N/A | 100.0 |  12.0
       Dungeon | 100.0 | 100.0 |   N/A |   N/A | 100.0 |  12.0
               +-------+-------+-------+-------+-------+----------------------

Table legend: (Time is in decaauts)
 A = Elapsed time spent in this place.
 B = Non-inter-level travel time spent in this place.
 C = Inter-level travel time spent in this place.
 D = Time resting spent in this place.
 E = Time spent auto-exploring this place.
 F = Levels seen in this place.
 G = Mean time per level.
                   A        B        C        D        E       F      G
               +--------+--------+--------+--------+--------+-----+--------+
         Total |    235 |    235 |      0 |      0 |    178 |   1 |  235.0 |
       Dungeon |    235 |    235 |      0 |      0 |    178 |   1 |  235.0 |
               +--------+--------+--------+--------+--------+-----+--------+

Top non-repeatable levels by time:
     D:1: 235 daAuts
